 Dungeon Crawl Stone Soup version 0.29-a0-268-g5627465c62 (webtiles) character file.

Game seed: 17602248281963167997

1561531 EnegeticOcto the Acrobat (level 27, 182/182 HPs)
             Began as a Kobold Hedge Wizard on Mar 3, 2022.
             Was the Champion of Nemelex Xobeh.
             Escaped with the Orb
             ... and 3 runes on Mar 7, 2022!
             The game lasted 03:03:27 (75986 turns).

EnegeticOcto the Acrobat (Kobold Hedge Wizard)     Turns: 75986, Time: 03:03:27

Health: 182/182    AC: 36    Str: 18    XL:     27
Magic:  35/35      EV: 41    Int: 22    God:    Nemelex Xobeh [******]
Gold:   3524       SH:  0    Dex: 29    Spells: 23/50 levels left

rFire   + + .      SeeInvis .   a - +12 pair of quick blades "Gyre" and "Gimble" {protect}
rCold   + . .      Faith    +   (shield currently unavailable)
rNeg    + + .      Spirit   .   I - +10 pearl dragon scales of the Playwright {rPois rF++ rN+ Str+4 Slay+2}
rPois   +          Reflect  .   c - +2 helmet {Int+3}
rElec   +          Harm     .   A - +1 cloak of Starlight {*Dazzle EV+4 Stlth--}
rCorr   .          Rampage  .   X - +1 pair of gloves of the Wary Visionaries {rC+ Will- Dex+5}
Will    ++++.      Rage     1%  i - +0 pair of boots of the Elven Halls {rElec}
Stlth   ++........              H - amulet of Zanteiso {Faith Will+}
HPRegen 0.40/turn               p - ring of willpower
MPRegen 0.24/turn               V - ring "Tetsoz" {rN+ Will+ Str+4 Int+2}

@: no status effects
A: small, no large weapons, nightstalker 3, berserk 1, deterioration 2, low MP
1, inability to read while threatened, devolution 1
0: Orb of Zot
}: 3/15 runes: serpentine, barnacled, silver
a: Renounce Religion, Draw Escape, Draw Destruction, Draw Summoning, Draw Stack,
Triple Draw, Deal Four, Stack Five


You escaped.
You worshipped Nemelex Xobeh.
Nemelex Xobeh was exalted by your worship.
You visited 10 branches of the dungeon, and saw 49 of its levels.
You also visited: Ossuary, Gauntlet, Ice Cave, Wizlab and Desolation.

You collected 6395 gold pieces.
You spent 2871 gold pieces at shops.

Inventory:

Hand Weapons
 a - the +12 pair of quick blades "Gyre" and "Gimble" (weapon) {protect}
   (You found it in a Gauntlet)

   It grants its wielder temporary protection when it strikes (+7 to AC).
 b - the +6 arbalest "Damnation" {damnation}
   (You took it off a vault warden on level 5 of the Vaults)

   Any ammunition fired from it explodes in a burst of damnation on striking a
   foe, dealing damage which bypasses armour.
 F - the +6 scimitar of Magnificence {distort, +Blink rElec rCorr Int-2}
   (You found it on level 4 of the Depths)

   It warps and distorts space around it, and may blink, banish, or inflict
   extra damage upon those it strikes.
   Unwielding it can cause banishment or high damage.
   Int:       It affects your intelligence (-2).
   rElec:     It insulates you from electricity.
   +Blink:    It lets you blink.
   rCorr:     It protects you from acid and corrosion.
Missiles
 m - 3 curare-tipped darts
 K - 14 atropa-tipped darts (quivered)
 L - 4 throwing nets {!f}
Armour
 c - a +2 helmet of intelligence (worn)
   (You found it on level 3 of the Elven Halls)
 i - the +0 pair of boots of the Elven Halls (worn) {rElec}
   (You found it in a Gauntlet)

   rElec:     It insulates you from electricity.
 A - the +1 cloak of Starlight (worn) {*Dazzle EV+4 Stlth--}
   (You found it in a wizard's laboratory)

   It may blind those who miss an attack against the wearer in melee combat.
   EV:        It affects your evasion (+4).
   Stlth:     It makes you much less stealthy.
 I - the +10 pearl dragon scales of the Playwright (worn) {rPois rF++ rN+ Str+4 Slay+2}
   (You found it on level 4 of the Depths)

   Str:       It affects your strength (+4).
   Slay:      It affects your accuracy & damage with ranged weapons and melee
   (+2).
   rF:        It greatly protects you from fire.
   rPois:     It protects you from poison.
   rN:        It protects you from negative energy.
 X - the +1 pair of gloves of the Wary Visionaries (worn) {rC+ Will- Dex+5}
   (You bought it in a shop on level 2 of the Orcish Mines)

   Dex:       It affects your dexterity (+5).
   rC:        It protects you from cold.
   Will:      It decreases your willpower.
Jewellery
 p - a ring of willpower (left hand)
   (You took it off a necromancer on level 3 of the Depths)
 s - the ring "Citil" {Fly rF+ Int+5 SInv}
   (You found it in a wizard's laboratory)

   [ring of flight]

   Int:       It affects your intelligence (+5).
   rF:        It protects you from fire.
   SInv:      It lets you see invisible.
   Fly:       It grants you flight.
 H - the amulet of Zanteiso (around neck) {Faith Will+}
   (You found it in the Desolation of Salt)

   [amulet of faith]

   It allows you to gain divine favour quickly.
   Will:      It increases your willpower.
 N - the ring "Loblyisk" {rF+ Dex+5}
   (You found it on level 3 of the Elven Halls)

   [ring of protection from fire]

   Dex:       It affects your dexterity (+5).
   rF:        It protects you from fire.
 U - the ring of Shadows {Umbra +Inv Stlth+}
   (You took it off a fire giant on level 5 of the Vaults)

   [ring of stealth]

   It surrounds you with an aura of shadow, increasing your stealth and reducing
   the accuracy of all others within it.
   +Inv:      It lets you turn invisible.
   Stlth:     It makes you more stealthy.
 V - the ring "Tetsoz" (right hand) {rN+ Will+ Str+4 Int+2}
   (You found it in a Gauntlet)

   [ring of willpower]

   Str:       It affects your strength (+4).
   Int:       It affects your intelligence (+2).
   rN:        It protects you from negative energy.
   Will:      It increases your willpower.
 Z - the ring of the Mage {Wiz Archmagi}
   (You found it in a Gauntlet)

   [ring of wizardry]

   It improves your spell success rate.
   Archmagi:  It increases the power of your magical spells.
Wands
 f - a wand of paralysis (17)
   (You found it on level 3 of the Elven Halls)
 o - a wand of polymorph (4)
   (You found it on level 14 of the Dungeon)
 t - a wand of digging (22) {@v3}
   (You found it on level 11 of the Dungeon)
 M - a wand of acid (20) {@v1}
   (You took it off a gnoll on level 5 of the Dungeon)
 P - a wand of mindburst (33)
   (You found it on level 7 of the Dungeon)
 Y - a wand of charming (5)
   (You found it on level 9 of the Dungeon)
Scrolls
 r - 24 scrolls of teleportation {@r3 !r}
 x - 10 scrolls of vulnerability
 y - 12 scrolls of blinking {@r4}
 B - 6 scrolls of fear {!r}
 C - 8 scrolls of immolation
 E - 4 scrolls of summoning
 J - 10 scrolls of fog {!r}
Potions
 d - 5 potions of might {@q3 !q}
 e - a potion of invisibility
 g - 5 potions of flight
 j - 2 potions of attraction
 k - 14 potions of lignification {@q6}
 l - 6 potions of brilliance
 q - 5 potions of resistance
 u - 8 potions of haste {@q4 !q}
 v - 20 potions of curing {@q1 !q}
 z - 18 potions of ambrosia
 G - 10 potions of heal wounds {@q2 !q}
 O - 2 potions of cancellation
 Q - 2 potions of mutation
 T - 7 potions of magic
Miscellaneous
 n - a lightning rod (4/4)
   (You found it on level 12 of the Dungeon)
 w - a tin of tremorstones (2/2)
   (You found it on level 5 of the Lair of Beasts)
 D - a condenser vane
   (You found it on level 9 of the Dungeon)
 W - a box of beasts
   (You found it on level 1 of the Elven Halls)


   Skills:
 + Level 21.1 Fighting
 - Level 14.0 Short Blades
 - Level 16.0 Crossbows
 + Level 13.2 Armour
 + Level 25.3 Dodging
 - Level 20.0 Stealth
 - Level 1.7 Shields
 - Level 12.0 Spellcasting
 - Level 7.0 Conjurations
 - Level 10.0 Summonings
 - Level 9.0 Necromancy
 - Level 10.0 Translocations
 - Level 9.0 Transmutations
 - Level 4.0 Air Magic
 - Level 15.0 Invocations
 - Level 12.0 Evocations


You had 23 spell levels left.
You knew the following spells:

 Your Spells              Type           Power      Damage    Failure   Level
a - Anguish               Hex/Necr       16%        N/A       22%         4
b - Summon Forest         Summ/Tloc      27%        N/A       6%          5
c - Wereblood             Tmut           51%        N/A       1%          2
d - Mephitic Cloud        Conj/Pois/Air  29%        N/A       10%         3
e - Summon Small Mammal   Summ           100%       N/A       1%          1
f - Call Canine Familiar  Summ           55%        N/A       1%          3
p - Passwall              Tmut/Erth      27%        N/A       3%          2
z - Irradiate             Conj/Tmut      24%        3d21      14%         5
Y - Blink                 Tloc           100%       N/A       1%          2

Your spell library contained the following spells:

 Spells                   Type           Power      Damage    Failure   Level
 Animate Skeleton         Necr           100%       N/A       1%          1
 Apportation              Tloc           100%       N/A       1%          1
 Beastly Appendage        Tmut           100%       N/A       1%          1
 Magic Dart               Conj           100%       1d8       1%          1
 Pain                     Necr           100%       1d9       1%          1
 Shock                    Conj/Air       100%       1d9       1%          1
 Call Imp                 Summ           55%        N/A       1%          2
 Corpse Rot               Necr/Air       82%        N/A       1%          2
 Sublimation of Blood     Necr           51%        N/A       1%          2
 Lesser Beckoning         Tloc           55%        N/A       1%          3
 Teleport Other           Tloc           55%        N/A       1%          3
 Vampiric Draining        Necr           51%        2d9       1%          3
 Static Discharge         Conj/Air       37%        N/A       2%          2
 Animate Dead             Necr           25%        N/A       3%          4
 Iskenderun's Mystic Bla  Conj/Tloc      50%        2d11      4%          4
 Portal Projectile        Hex/Tloc       70%        N/A       5%          3
 Summon Guardian Golem    Hex/Summ       35%        N/A       5%          3
 Spider Form              Tmut/Pois      33%        N/A       6%          3
 Manifold Assault         Tloc           55%        N/A       6%          5
 Swiftness                Air            30%        N/A       8%          3
 Summon Lightning Spire   Summ/Air       44%        N/A       8%          4
 Conjure Flame            Conj/Fire      28%        6-21      10%         3
 Stone Arrow              Conj/Erth      56%        3d10      10%         3
 Ignite Poison            Fire/Tmut/Pois 26%        N/A       12%         3
 Sandblast                Erth           26%        2d8       14%         1
 Slow                     Hex            52%        N/A       14%         1
 Animate Armour           Summ/Erth      70%        N/A       17%         4
 Scorch                   Fire           26%        2d6       21%         2
 Petrify                  Tmut/Erth      33%        N/A       22%         4
 Iskenderun's Battlesphe  Conj           44%        2d10      22%         5
 Airstrike                Air            15%        N/A       26%         4
 Flame Wave               Conj/Fire      28%        2d8       32%         4
 Fulminant Prism          Conj/Hex       14%        3d9       32%         4
 Hailstorm                Conj/Ice       28%        3d8       32%         4
 Dispersal                Tloc           27%        N/A       34%         6
 Summon Cactus Giant      Summ           27%        N/A       34%         6
 Lightning Bolt           Conj/Air       18%        1d33      36%         5
 Confusing Touch          Hex            13%        N/A       38%         3
 Ozocubu's Armour         Ice            13%        N/A       38%         3
 Tukima's Dance           Hex            13%        N/A       38%         3
 Alistair's Intoxication  Tmut/Pois      22%        N/A       52%         5
 Yara's Violent Unravell  Hex/Tmut       16%        3d8       52%         5
 Freezing Cloud           Conj/Ice/Air   14%        6-21      65%         5
 Leda's Liquefaction      Hex/Erth       6%         N/A       80%         4
 Olgreb's Toxic Radiance  Pois           13%        N/A       80%         4
 Malign Gateway           Summ/Tloc      27%        N/A       88%         7
 Summon Hydra             Summ           27%        N/A       88%         7
 Conjure Ball Lightning   Conj/Air       18%        3x3d6     91%         6
 Haunt                    Necr/Summ      26%        N/A       93%         7
 Simulacrum               Ice/Necr       16%        N/A       97%         6
 Statue Form              Tmut/Erth      22%        N/A       97%         6
 Metabolic Englaciation   Hex/Ice        6%         N/A       98%         5
 Spellforged Servitor     Conj/Summ      25%        N/A       98%         7
 Iron Shot                Conj/Erth      14%        9d4       99%         6
 Enfeeble                 Hex            6%         N/A       100%        7
 Orb of Destruction       Conj           22%        9d8       100%        7
 Ozocubu's Refrigeration  Ice            6%         4d6       100%        7
 Storm Form               Tmut/Air       20%        N/A       100%        7
 Borgnjor's Revivificati  Necr           25%        N/A       100%        8
 Discord                  Hex            6%         N/A       100%        8
 Disjunction              Tloc           27%        N/A       100%        8
 Ignition                 Fire           6%         3d4       100%        8
 Infestation              Necr           25%        N/A       100%        8
 Lehudib's Crystal Spear  Conj/Erth      14%        10d5      100%        8
 Maxwell's Capacitive Co  Air            15%        ∞         100%        8
 Necromutation            Tmut/Necr      25%        N/A       100%        8
 Chain Lightning          Conj/Air       18%        3d24      100%        9
 Death's Door             Necr           25%        N/A       100%        9
 Dragon's Call            Summ           27%        N/A       100%        9


Dungeon Overview and Level Annotations

Branches:
Dungeon (15/15)            Temple (1/1) D:7            Lair (6/6) D:9
 Shoals (4/4) Lair:3        Snake (4/4) Lair:2        Slime (0/5) Lair:6
    Orc (2/2) D:10            Elf (3/3) Orc:2        Vaults (5/5) D:13
  Crypt (0/3) Vaults:3     Depths (4/4) D:15            Zot (5/5) Depths:4
Ossuary (visited)           IceCv (visited)          WizLab (visited)
Desolation (visited)      Gauntlet (visited)

Altars:
Ashenzari
Cheibriados
Dithmenos
Elyvilon
Fedhas
Gozag
Hepliaklqana
Kikubaaqudgha
Makhleb
Nemelex Xobeh
Okawaru
Qazlal
Ru
Sif Muna
Trog
Uskayaw
Vehumet
Wu Jian
Xom
Yredelemnul
Zin
The Shining One
Beogh
Jiyva

Shops:
Orc:1 (   Orc:2 [(![   Elf:1 [   Shoals:3 !   Snake:2 =:=   Depths:1 [

Portals:
Hell: Depths:2 Depths:3 Depths:4
Abyss: Depths:1 Depths:3
Pandemonium: Depths:1 Depths:2
Ziggurat: Depths:4
Trove: Vaults:3 (give 7 scrolls of fog)

Annotations:
D:6 1 runed translucent door
D:8 3 runed translucent doors
D:9 exclusion: two-headed ogre
D:12 exclusions: obsidian statue and orange crystal statue
Lair:3 exclusion: oklob plant
Lair:4 exclusions: door and oklob plant
Shoals:1 exclusion: door
Snake:1 1 runed translucent door
Elf:2 3 runed translucent doors
Elf:3 3 runed translucent doors, Lekart's ghost, adept DrAK
Depths:1 exclusions: door and hellephant
Zot:5 5 exclusions


Innate Abilities, Weirdness & Mutations

You are small and have problems with some larger weapons.
You are completely attuned to the shadows.
You tend to lose your temper in combat.
Your body often deteriorates upon taking damage.
Your magical capacity is low. (-10% MP)
You sometimes lose the ability to read scrolls when taking damage.
You have hidden genetic defects.


Message History

Really quaff
d - 6 potions of might {@q3 !q}?
You feel very mighty all of a sudden.
You impale the Executioner!!
Your weapon exudes an aura of protection.
You puncture the Executioner! You hit the Executioner.
You puncture the Executioner!
The Executioner completely misses you. x2
The Executioner hits you but does no damage.
You puncture the Executioner!
You kill the Executioner!
(D) Dungeon (T) Temple (L) Lair (A) Shoals (P) Snake Pit (M) Slime Pits (O) Orcish Mines (E) Elven Halls (V) Vaults (C) Crypt (U) Depths (H) Hell (Z) Zot
Where to? (Enter - D:1 @ (x,y), ? - help)
A red devil comes into view. It is wielding a +0 trident.
The red devil completely misses you.
The red devil hits you but does no damage.
You hit the red devil.
Your weapon exudes an aura of protection.
You closely miss the red devil. You barely miss the red devil.
You hit the red devil. You impale the red devil!!
You closely miss the red devil. You hit the red devil.
You puncture the red devil!
The red devil hits you but does no damage.
You puncture the red devil!
You kill the red devil!
(D) Dungeon (T) Temple (L) Lair (A) Shoals (P) Snake Pit (M) Slime Pits (O) Orcish Mines (E) Elven Halls (V) Vaults (C) Crypt (U) Depths (H) Hell (Z) Zot
Where to? (Enter - D:1 @ (x,y), ? - help)
There is a stone staircase leading up here.
You climb upwards.
There is a stone staircase leading down, spattered with blood here.
You see here a +0 spear.
Things that are here:
a +0 short sword; a +0 leather armour; a +0 dagger
There is a stone staircase leading up here.
You climb upwards.
There is a stone staircase leading down here.
There is a stone staircase leading up here.
You climb upwards.
There is a stone staircase leading down here.
You feel a little less mighty now.
There is a stone staircase leading up here.
You climb upwards.
The phantom misses you. The phantom completely misses you.
There is a stone staircase leading down here.
A phantom is nearby!
Unknown command.
You puncture the phantom!
Your weapon exudes an aura of protection.
You barely miss the phantom. You barely miss the phantom.
You puncture the phantom! You hit the phantom.
You destroy the phantom!
(D) Dungeon (T) Temple (L) Lair (A) Shoals (P) Snake Pit (M) Slime Pits (O) Orcish Mines (E) Elven Halls (V) Vaults (C) Crypt (U) Depths (H) Hell (Z) Zot
Where to? (Enter - D:1 @ (x,y), ? - help)
An Orb Guardian comes into view.
The Orb Guardian hits you.
You hit the Orb Guardian but do no damage.
Your weapon exudes an aura of protection.
You hit the Orb Guardian. The Orb Guardian completely misses you.
The Orb Guardian's vision is obscured by starry radiance!
You hit the Orb Guardian.
You catch the helpless Orb Guardian completely off-guard!
You perforate the Orb Guardian like a sieve!!!
You puncture the Orb Guardian! You barely miss the Orb Guardian.
The Orb Guardian hits you.
You hit the Orb Guardian.
You catch the helpless Orb Guardian completely off-guard!
You skewer the Orb Guardian like a kebab!!!!
You kill the Orb Guardian!
No target in view!
(D) Dungeon (T) Temple (L) Lair (A) Shoals (P) Snake Pit (M) Slime Pits (O) Orcish Mines (E) Elven Halls (V) Vaults (C) Crypt (U) Depths (H) Hell (Z) Zot
Where to? (Enter - D:1 @ (x,y), ? - help)
A neqoxec comes into view.
The neqoxec completely misses you.
There is a stone staircase leading up here.
You puncture the neqoxec! x2
You impale the neqoxec!!
You kill the neqoxec!
No target in view!
(D) Dungeon (T) Temple (L) Lair (A) Shoals (P) Snake Pit (M) Slime Pits (O) Orcish Mines (E) Elven Halls (V) Vaults (C) Crypt (U) Depths (H) Hell (Z) Zot
Where to? (Enter - D:1 @ (x,y), ? - help)
You climb upwards.
There is a stone staircase leading down here.
HP restored.
There is an open door here.
There is a staircase leading out of the dungeon here.
You have escaped!

##################
.................#
################.#
.................#
################'#
................@#
##################
..# #.# ### #.# #
#.# # #.# # ##.# #
#..# # ##.##


There were no monsters in sight!

Vanquished Creatures
  4 orbs of fire (Zot:5)
  2 dread liches
  An ancient lich (Vaults:5)
  Mara (Vaults:2)
  7 Killer Klowns
  2 curse toes (Zot:5)
  6 golden dragons
  A bone dragon (Vaults:3)
  2 electric golems (Zot:5)
  An iron giant (Depths:3)
  11 tentacled monstrosities
  25 Orb Guardians
  Asterion (Snake:2)
  A walking earthen tome (Depths:3)
  2 quicksilver dragons
  4 deep elf blademasters (Elf:3)
  2 deep elf master archers (Elf:3)
  5 liches
  3 titans (Vaults:5)
  A tentacled starspawn (WizLab)
  3 sphinxes
  An eldritch tentacle (WizLab)
  A death cob (Zot:5)
  An Executioner (D:6)
  Gastronok (D:12)
  4 shadow dragons
  6 tengu reavers (Vaults:5)
  8 storm dragons
  5 nagarajas
  2 azure jellies (IceCv)
  A rockslime (IceCv)
  7 fire giants
  6 frost giants
  Ilsuiw (Shoals:3)
  8 draconian monks
  6 draconian knights
  9 deep elf sorcerers
  A spectral juggernaut (Depths:3)
  Louise (Depths:3)
  16 vault wardens
  A balrug (Depths:4)
  2 ghost moths
  2 draconian scorchers
  2 imperial myrmidons (Desolation)
  5 draconian stormcallers
  A draconian shifter (Zot:5)
  A juggernaut zombie (Depths:4)
  An orc warlord (Vaults:2)
  Aizul (Snake:3)
  6 deep elf elementalists
  A reaper (WizLab)
  3 quicksilver oozes (IceCv)
  19 stone giants
  6 ironbound thunderhulks
  2 draconian annihilators (Zot:5)
  9 very ugly things
  14 ironbound preservers
  A war gargoyle (Vaults:3)
  A spriggan defender (Depths:3)
  10 vampire knights
  5 deep elf demonologists (Elf:3)
  8 black draconians
  10 deep elf annihilators
  Nessos (D:12)
  An entropy weaver (shapeshifter) (Elf:1)
  6 yellow draconians
  5 purple draconians
  9 green draconians
  An eleionoma (Depths:4)
  8 white draconians
  6 dire elephants
  5 red draconians
  An entropy weaver (Vaults:5)
  A minotaur (Shoals:4)
  9 deep elf death magi
  11 spark wasps
  10 ettins
  A blizzard demon (WizLab)
  6 crystal guardians
  3 merfolk impalers
  3 deep elf high priests
  7 ragged hierophants (Desolation)
  2 jiangshi (Depths:4)
  Josephine (D:13)
  4 merfolk javelineers
  6 great orbs of eyes
  3 rakshasas
  14 yaktaur captains
  45 vault guards
  6 fire dragons
  16 servants of whispers (Desolation)
  6 boulder beetles
  4 spriggan air magi
  2 starcursed masses (WizLab)
  2 ogre magi (Vaults:5)
  A caustic shrike simulacrum (Depths:3)
  14 naga warriors
  A spriggan skeleton (Depths:4)
  12 hydras
  16 ice dragons
  15 peacekeepers
  A quicksilver dragon skeleton (Depths:2)
  2 anacondas (shapeshifter)
  A salamander tyrant (Snake:4)
  4 ironbound frosthearts
  3 catoblepae
  2 merfolk aquamancers
  An alligator snapping turtle (Depths:4)
  2 centaur warriors
  2 anacondas (Snake:1)
  7 satyrs (Shoals:4)
  15 dancing weapons
  8 two-headed ogres
  2 merfolk avatars
  6 deep troll shamans
  12 tengu warriors
  A death knight (Depths:4)
  4 spriggan berserkers
  5 deep troll earth magi
  2 hell hogs (Depths:4)
  2 vampire magi (Depths:4)
  2 orc high priests (Orc:2)
  11 naga sharpshooters
  Urug (Lair:1)
  13 deep elf knights
  3 thrashing horrors (WizLab)
  A titan zombie (Depths:3)
  2 shock serpents
  5 sun demons (Depths:4)
  4 soul eaters (Depths:4)
  2 titan skeletons
  13 hell knights
  9 iron trolls
  A sixfirhy (WizLab)
  A skeletal warrior (Depths:4)
  2 salamander mystics
  A fire crab (Lair:6)
  2 shadow wraiths
  42 deep trolls
  An orb spider (shapeshifter) (Vaults:5)
  A golden dragon zombie (Depths:3)
  5 flayed ghosts
  12 sea snakes
  4 glowing orange brains
  2 obsidian statues
  4 naga ritualists (Snake:4)
  21 ironbound convokers
  8 lindwurms
  10 deep elf archers
  3 phantasmal warriors (Vaults:5)
  6 orc knights
  24 deep elf zephyrmancers
  6 wizards
  28 deep elf pyromancers
  2 tengu zombies
  A frost giant zombie (Depths:2)
  A sphinx zombie (Depths:2)
  10 necromancers
  2 orc sorcerers (Orc:2)
  32 harpies
  4 mana vipers
  A shining eye (shapeshifter) (D:15)
  2 wolf spiders (Lair:6)
  16 ugly things
  An oklob plant (Snake:2)
  4 salamanders
  4 elephants
  14 fauns
  7 moths of wrath
  11 manticores
  A moth of wrath (shapeshifter) (Vaults:5)
  7 cyclopes
  A large abomination (WizLab)
  2 worldbinders (WizLab)
  23 black mambas
  14 merfolk sirens
  A rust devil (Zot:5)
  An ice statue (D:15)
  A stone giant skeleton (Depths:2)
  2 water nymphs (Shoals:3)
  4 smoke demons
  2 frost giant skeletons
  20 vault sentinels
  A demonspawn skeleton (WizLab)
  A gargoyle (D:13)
  10 naga magi
  2 torpor snails (Lair:6)
  9 guardian serpents
  2 hellions
  A molten gargoyle (Desolation)
  2 minotaur zombies (Gauntlet)
  Maggie (D:10)
  3 kobold demonologists (D:13)
  An efreet (D:15)
  2 orange demons
  3 komodo dragons
  7 cane toads
  Psyche (D:10)
  A yaktaur (shapeshifter) (Vaults:5)
  4 rime drakes
  A freezing wraith (Vaults:5)
  4 ice devils
  2 tengu conjurers (Depths:1)
  3 ancient zymes (WizLab)
  A tormentor (Depths:2)
  22 yaktaurs
  2 very ugly thing simulacra (IceCv)
  3 hellwings
  A yaktaur skeleton (Vaults:4)
  A golden dragon simulacrum (Depths:3)
  2 red devils
  5 wind drakes
  5 trolls
  8 merfolk
  A tarantella (Vaults:5)
  3 hornets
  A troll (shapeshifter) (D:15)
  96 saltlings (Desolation)
  A queen bee (Lair:1)
  24 blink frogs
  An iron dragon simulacrum (Depths:3)
  62 slime creatures
  12 dream sheep
  A snapping turtle (shapeshifter) (Vaults:5)
  An ettin zombie (Vaults:4)
  A raiju (shapeshifter) (Elf:2)
  A fire giant simulacrum (Depths:3)
  7 snapping turtles
  4 air elementals
  4 shadows
  A fire dragon skeleton (WizLab)
  A spriggan (Depths:2)
  6 wraiths
  A spriggan (shapeshifter) (Elf:1)
  25 water elementals
  An elf zombie (Vaults:2)
  Grum (D:9)
  25 yaks
  A yak (shapeshifter) (Elf:1)
  10 wyverns
  4 fire elementals
  A hog (D:12)
  2 chaos spawn (Depths:2)
  3 basilisks
  2 steam dragons
  4 spatial vortices (WizLab)
  4 redbacks
  2 neqoxecs
  3 human zombies
  21 nagas
  A warg (Orc:1)
  11 vampire mosquitoes
  A human simulacrum (Vaults:5)
  A demonic crawler simulacrum (IceCv)
  A floating eye (Depths:1)
  26 water moccasins
  Duvessa (D:7)
  An ice beast (D:8)
  14 orc warriors
  5 ugly thing simulacra (IceCv)
  A boggart (WizLab)
  17 wolves
  7 centaurs
  10 ogres
  A human skeleton (Vaults:4)
  A phantom (D:2)
  13 bullfrogs
  5 earth elementals
  5 scorpions
  A gnoll sergeant (D:8)
  7 wights
  A glowing shapeshifter simulacrum (Vaults:2)
  Dowan (D:7)
  20 killer bees
  2 electric eels
  5 howler monkeys (D:11)
  3 jellies
  2 gnoll shamans
  2 hounds
  15 orc priests
  3 iguanas
  15 orc wizards
  2 nameless horrors
  6 mummies (Ossuary)
  17 gnolls
  3 adders
  A white imp (D:8)
  An ufetubus (WizLab)
  5 worms
  2 dart slugs
  57 orcs
  7 bats
  3 endoplasms
  3 giant cockroaches
  A gnoll zombie (Ossuary)
  4 goblins
  6 hobgoblins
  5 jackals
  9 kobolds
  6 quokkas
  8 ball pythons
  2 frilled lizards (D:1)
  A hobgoblin zombie (Ossuary)
  2 kobold zombies (Ossuary)
  3 orc zombies (Ossuary)
  3 rats
  A spectral kobold (D:4)
1874 creatures vanquished.

Vanquished Creatures (collateral kills)
  A curse toe (Zot:3)
  Rupert (D:15)
  A sphinx (Shoals:4)
  Kirke (D:12)
  An azure jelly (IceCv)
  A deep elf sorcerer (Elf:3)
  A very ugly thing (Depths:2)
  Azrael (Snake:3)
  A spark wasp (Depths:3)
  A merfolk javelineer (Depths:3)
  2 naga warriors (Snake:3)
  A rakshasa (D:15)
  Harold (D:9)
  A centaur warrior (D:13)
  2 hydras
  A merfolk avatar (Shoals:3)
  A peacekeeper (Desolation)
  2 anacondas (Snake:2)
  An orc high priest (Orc:2)
  2 deep elf knights (Elf:1)
  A naga sharpshooter (Snake:4)
  A deep troll (shapeshifter) (D:15)
  A wizard (Depths:2)
  5 harpies
  A wolf spider (D:15)
  An orc sorcerer (Orc:2)
  A deep elf zephyrmancer (Elf:1)
  3 ugly things
  A sphinx skeleton (Depths:3)
  A faun (shapeshifter) (Elf:3)
  An orc knight (Orc:2)
  3 manticores
  A moth of wrath (Gauntlet)
  2 fauns
  A salamander (Snake:4)
  2 elephants
  A guardian serpent (Desolation)
  A merfolk siren (Shoals:2)
  5 black mambas
  3 cane toads
  2 rime drakes (Lair:6)
  A komodo dragon (Lair:2)
  An unseen horror (D:13)
  An entropy weaver simulacrum (IceCv)
  A troll (D:12)
  A wind drake (Shoals:3)
  4 merfolk
  2 saltlings (Desolation)
  A hornet (Lair:6)
  6 dream sheep
  A sphinx simulacrum (Depths:3)
  3 blink frogs (Lair:6)
  5 slime creatures
  5 yaks
  4 wyverns
  3 fire elementals (Snake:3)
  3 hogs (D:12)
  A steam dragon (D:9)
  4 vampire mosquitoes
  A naga (Snake:4)
  2 water moccasins (Lair:6)
  2 hell hounds (Snake:3)
  8 orc warriors
  A black bear (D:5)
  2 ugly thing simulacra (IceCv)
  3 wolves
  4 centaurs
  An earth elemental (Elf:1)
  2 wights (D:9)
  3 electric eels (Lair:4)
  A jelly (Gauntlet)
  3 orc priests
  A gnoll shaman (D:5)
  4 orc wizards
  2 mummies (Ossuary)
  2 gnolls (D:7)
  12 orcs
  A kobold (D:13)
  An orc zombie (Ossuary)
165 creatures vanquished.

Vanquished Creatures (others)
  A deep elf sorcerer (Elf:3)
  A draconian knight (Zot:5)
  A harpy (Shoals:3)
  An orc knight (Orc:2)
  A deep elf zephyrmancer (Elf:1)
  A human (D:12)
  A yak (shapeshifter) (D:15)
  A fire elemental (Elf:3)
  An orc warrior (Orc:2)
  36 fungi
  115 plants
  11 snaplasher vines
  7 toadstools (Lair:4)
  4 withered plants (Desolation)
182 creatures vanquished.

Grand Total: 2221 creatures vanquished

Notes
Turn   | Place    | Note
-------+----------+-------------------------------------------
     0 | D:1      | EnegeticOcto the Kobold Hedge Wizard began the quest for
                  | the Orb.
     0 | D:1      | Reached XP level 1. HP: 10/10 MP: 4/4
   442 | D:1      | Learned a level 1 spell: Slow
   500 | D:1      | Found a faded altar of an unknown god.
   575 | D:1      | Reached skill level 3 in Stealth
   641 | D:1      | Reached skill level 1 in Short Blades
   706 | D:1      | Reached XP level 2. HP: 10/15 MP: 0/6
  1088 | D:1      | Learned a level 2 spell: Blink
  1091 | D:1      | Learned a level 2 spell: Call Imp
  1400 | D:2      | Reached skill level 2 in Short Blades
  1508 | D:2      | Found a white marble altar of Elyvilon.
  1522 | D:2      | Reached XP level 3. HP: 19/19 MP: 4/7
  1707 | D:2      | Reached skill level 4 in Stealth
  1806 | D:2      | Learned a level 1 spell: Summon Small Mammal
  2092 | D:2      | Reached skill level 3 in Short Blades
  2092 | D:2      | Reached XP level 4. HP: 4/24 MP: 5/8
  3056 | D:3      | Noticed a phantom
  3665 | D:4      | Reached skill level 4 in Short Blades
  3800 | D:4      | Reached XP level 5. HP: 28/28 MP: 9/9
  3891 | D:4      | Got the Incunabulum of Weightlessness and Black Arts
  4085 | D:4      | Noticed a steam dragon
  4133 | D:4      | Found a hazy altar of Hepliaklqana.
  4692 | D:5      | Entered Level 5 of the Dungeon
  4733 | D:5      | Reached skill level 1 in Fighting
  4752 | D:5      | Reached skill level 3 in Dodging
  4809 | D:5      | Reached skill level 2 in Fighting
  4809 | D:5      | Reached skill level 5 in Short Blades
  4809 | D:5      | Reached XP level 6. HP: 24/35 MP: 10/10
  4846 | D:5      | Noticed an ogre
  4856 | D:5      | Killed an ogre
  4857 | D:5      | Reached skill level 4 in Dodging
  4857 | D:5      | Reached XP level 7. HP: 40/40 MP: 11/11
  4884 | D:5      | Reached skill level 3 in Fighting
  4895 | D:5      | Reached skill level 6 in Short Blades
  4974 | D:5      | Found a sand-covered staircase.
  4983 | Ossuary  | Entered an ossuary
  5080 | Ossuary  | Learned a level 3 spell: Call Canine Familiar
  5300 | Ossuary  | Reached skill level 5 in Dodging
  5804 | D:5      | Reached skill level 4 in Fighting
  5804 | D:5      | Reached XP level 8. HP: 30/48 MP: 12/12
  5916 | D:5      | Reached skill level 7 in Short Blades
  5916 | D:5      | Reached skill level 2 in Summonings
  6475 | D:6      | Reached skill level 6 in Dodging
  6499 | D:6      | Reached skill level 3 in Summonings
  6947 | D:6      | Reached skill level 8 in Short Blades
  7039 | D:6      | Found a runed translucent door.
  7360 | D:5      | Reached skill level 4 in Summonings
  8040 | D:4      | Reached XP level 9. HP: 52/52 MP: 13/13
  8168 | D:4      | Reached skill level 9 in Short Blades
  8348 | D:7      | Found a stormy altar of Qazlal.
  8348 | D:7      | Found an ornate altar of the Wu Jian Council.
  8396 | D:7      | Noticed Duvessa
  8399 | D:7      | Noticed Dowan
  8400 | D:7      | Killed Duvessa
  8401 | D:7      | Reached skill level 5 in Summonings
  8508 | D:7      | Learned a level 2 spell: Passwall
  9008 | D:7      | Found a staircase to the Ecumenical Temple.
  9014 | Temple   | Entered the Ecumenical Temple
  9277 | Temple   | Became a worshipper of Nemelex Xobeh the Trickster
  9337 | D:7      | Reached skill level 10 in Short Blades
  9416 | D:7      | Reached skill level 6 in Summonings
  9514 | D:7      | Killed Dowan
  9581 | D:7      | Reached skill level 11 in Short Blades
  9826 | D:8      | Found an ancient bone altar of Kikubaaqudgha.
  9952 | D:8      | Reached skill level 12 in Short Blades
  9952 | D:8      | Reached skill level 1 in Evocations
  9952 | D:8      | Reached XP level 10. HP: 55/56 MP: 14/14
  9963 | D:8      | Reached skill level 5 in Stealth
  9963 | D:8      | Reached skill level 1 in Invocations
  9981 | D:8      | Reached skill level 2 in Invocations
  9981 | D:8      | Reached skill level 2 in Evocations
 10305 | D:8      | Found a hide-covered altar of Uskayaw.
 10353 | D:8      | Found a runed translucent gate.
 10365 | D:8      | Found a broken altar of Ashenzari.
 10383 | D:8      | Reached skill level 5 in Fighting
 10383 | D:8      | Reached skill level 6 in Stealth
 10383 | D:8      | Reached skill level 3 in Evocations
 10411 | D:8      | Found a runed translucent gate.
 10411 | D:8      | Found a runed translucent gate.
 10413 | D:8      | Reached * piety under Nemelex Xobeh
 11011 | D:9      | Reached skill level 3 in Invocations
 11123 | D:9      | Reached skill level 7 in Stealth
 11204 | D:9      | Noticed a two-headed ogre
 11209 | D:9      | Noticed Grum
 11230 | D:9      | Killed Grum
 11308 | D:9      | Reached skill level 4 in Invocations
 11432 | D:9      | Reached skill level 6 in Fighting
 11721 | D:9      | Identified a scroll of acquirement
 11722 | D:9      | Acquired the Almanac of Damaging Companions
 11762 | D:9      | Noticed Harold
 11795 | D:9      | Reached skill level 8 in Stealth
 11795 | D:9      | Reached XP level 11. HP: 66/66 MP: 15/15
 11823 | D:9      | Reached skill level 5 in Invocations
 11868 | D:9      | Reached skill level 7 in Summonings
 11906 | D:9      | Found a staircase to the Lair.
 11912 | D:9      | Reached skill level 7 in Fighting
 12161 | D:10     | Entered Level 10 of the Dungeon
 12207 | D:10     | Reached skill level 6 in Invocations
 12237 | D:10     | Noticed Maggie
 12242 | D:10     | Killed Maggie
 12375 | D:10     | Received a gift from Nemelex Xobeh
 12417 | D:10     | Noticed Psyche
 12422 | D:10     | Killed Psyche
 12491 | D:10     | Found a staircase to the Orcish Mines.
 13022 | Lair:1   | Entered Level 1 of the Lair of Beasts
 13022 | Lair:1   | Reached ** piety under Nemelex Xobeh
 13088 | Lair:1   | Reached skill level 8 in Fighting
 13088 | Lair:1   | Reached skill level 8 in Summonings
 13105 | Lair:1   | Reached skill level 7 in Invocations
 13248 | Lair:1   | Noticed a six-headed hydra
 13249 | Lair:1   | Noticed Urug
 13439 | Lair:1   | Killed a six-headed hydra
 13533 | Lair:1   | Reached skill level 13 in Short Blades
 13533 | Lair:1   | Reached skill level 8 in Invocations
 13534 | Lair:1   | Reached XP level 12. HP: 58/73 MP: 16/18
 13595 | Lair:1   | Killed Urug
 13623 | Lair:1   | Reached skill level 14 in Short Blades
 13729 | Lair:1   | Identified the +1 scale mail of Hiozefuh {Dex+6}
 13998 | Lair:1   | Reached skill level 1 in Transmutations
 14162 | Lair:1   | Reached skill level 2 in Translocations
 14546 | Lair:2   | Reached skill level 4 in Spellcasting
 14756 | Lair:2   | Reached skill level 2 in Transmutations
 15015 | Lair:2   | Reached *** piety under Nemelex Xobeh
 15247 | Lair:2   | Found a staircase to the Snake Pit.
 15653 | Lair:3   | Received a gift from Nemelex Xobeh
 15802 | Lair:3   | Noticed a six-headed hydra
 15848 | Lair:3   | Reached skill level 7 in Dodging
 15848 | Lair:3   | Reached skill level 3 in Translocations
 15849 | Lair:3   | Found a staircase to the Shoals.
 15867 | Lair:3   | Reached skill level 3 in Transmutations
 15973 | Lair:3   | Noticed a four-headed hydra
 16112 | Lair:3   | Found a blossoming altar of Fedhas.
 16487 | Lair:3   | Killed a four-headed hydra
 16623 | Lair:3   | Killed a six-headed hydra
 16882 | Lair:4   | Noticed an eight-headed hydra
 16932 | Lair:4   | Reached skill level 9 in Summonings
 16938 | Lair:4   | Reached skill level 4 in Translocations
 16987 | Lair:4   | Reached skill level 4 in Transmutations
 17127 | Lair:4   | Reached **** piety under Nemelex Xobeh
 17156 | Lair:4   | Reached skill level 8 in Dodging
 17156 | Lair:4   | Reached XP level 13. HP: 61/78 MP: 16/19
 17234 | Lair:4   | Noticed a seven-headed hydra
 17245 | Lair:4   | Killed a seven-headed hydra
 17351 | Lair:4   | Reached skill level 5 in Translocations
 17375 | Lair:4   | Learned a level 5 spell: Summon Forest
 17573 | Lair:4   | Noticed a four-headed hydra
 17588 | Lair:4   | Reached skill level 5 in Transmutations
 18260 | Lair:5   | Noticed a six-headed hydra
 18263 | Lair:5   | Reached skill level 1 in Armour
 18279 | Lair:5   | Killed a six-headed hydra
 18420 | Lair:5   | Reached skill level 2 in Armour
 18420 | Lair:5   | Reached skill level 10 in Summonings
 18530 | Lair:5   | Noticed a seven-headed hydra
 18546 | Lair:5   | Killed a seven-headed hydra
 18547 | Lair:5   | Reached skill level 6 in Translocations
 18665 | Lair:5   | Received a gift from Nemelex Xobeh
 18676 | Lair:5   | Reached skill level 6 in Transmutations
 18886 | Lair:5   | Reached skill level 3 in Armour
 18986 | Lair:5   | You fall into a shaft and drop 1 floor!
 18986 | Lair:6   | Entered Level 6 of the Lair of Beasts
 19015 | Lair:6   | Found a staircase to the Slime Pits.
 19016 | Lair:6   | Found a viscous altar of Jiyva.
 19115 | Lair:6   | Noticed a six-headed hydra
 19131 | Lair:6   | Killed a six-headed hydra
 19221 | Lair:6   | Found the +4 skin of Zhor {*Englaciate rC+++ SInv}
 19231 | Lair:6   | Noticed an eight-headed hydra
 19238 | Lair:6   | Killed an eight-headed hydra
 19266 | Lair:6   | Reached skill level 7 in Translocations
 19279 | Lair:6   | Reached skill level 4 in Armour
 19582 | Lair:6   | Reached ***** piety under Nemelex Xobeh
 19705 | Lair:6   | Reached XP level 14. HP: 84/84 MP: 15/20
 19727 | Lair:6   | Reached skill level 5 in Armour
 19727 | Lair:6   | Reached skill level 8 in Translocations
 19784 | Lair:6   | Paralysed by a hornet for 1 turns
 19991 | Lair:6   | Reached skill level 9 in Translocations
 20325 | Lair:6   | Reached skill level 10 in Translocations
 20339 | Lair:6   | Reached skill level 2 in Conjurations
 20360 | Lair:6   | Reached skill level 3 in Conjurations
 20473 | Lair:6   | Received a gift from Nemelex Xobeh
 20521 | Lair:6   | Reached skill level 4 in Conjurations
 20684 | Lair:6   | Reached skill level 5 in Conjurations
 20746 | Lair:6   | Learned a level 5 spell: Irradiate
 21777 | Lair:4   | Reached skill level 6 in Conjurations
 21896 | Lair:4   | Noticed a dire elephant
 21897 | Lair:4   | Noticed a dire elephant
 21919 | Lair:4   | Found a runed translucent door.
 22352 | D:9      | Killed Harold
 22842 | D:11     | Received a gift from Nemelex Xobeh
 22943 | D:11     | Reached skill level 7 in Conjurations
 23399 | D:12     | Reached skill level 5 in Spellcasting
 23425 | D:12     | Received a gift from Nemelex Xobeh
 23609 | D:12     | Reached skill level 7 in Transmutations
 23621 | D:12     | Noticed Kirke
 23633 | D:12     | Killed Kirke
 23634 | D:12     | Reached XP level 15. HP: 78/88 MP: 17/23
 23734 | D:12     | Reached skill level 6 in Spellcasting
 24010 | D:12     | Noticed Gastronok
 24026 | D:12     | Killed Gastronok
 24027 | D:12     | Reached skill level 8 in Transmutations
 24123 | D:12     | Received a gift from Nemelex Xobeh
 24361 | D:12     | Received a gift from Nemelex Xobeh
 24467 | D:12     | Noticed Nessos
 24472 | D:12     | Killed Nessos
 25019 | Orc:1    | Entered Level 1 of the Orcish Mines
 25165 | Orc:1    | Found Peah Hau's Weapon Shoppe.
 25294 | Orc:2    | Entered Level 2 of the Orcish Mines
 25323 | Orc:2    | Found a staircase to the Elven Halls.
 25335 | Orc:2    | Found a gate leading to a gauntlet.
 25336 | Orc:2    | Received a gift from Nemelex Xobeh
 25344 | Gauntlet | Entered a Gauntlet
 25344 | Gauntlet | Found a transporter.
 25344 | Gauntlet | Found a large runed translucent door.
 25344 | Gauntlet | Found a large runed translucent door.
 25345 | Gauntlet | Found a large runed translucent door.
 25345 | Gauntlet | Found a large runed translucent door.
 25365 | Gauntlet | Found a transporter.
 25373 | Gauntlet | Found a transporter.
 25379 | Gauntlet | Found a transporter.
 25401 | Gauntlet | Found a transporter.
 25426 | Gauntlet | Found a transporter.
 25438 | Gauntlet | Found a transporter.
 25465 | Gauntlet | Found a transporter.
 25492 | Gauntlet | Found a transporter.
 25493 | Gauntlet | Received a gift from Nemelex Xobeh
 25504 | Gauntlet | Found a transporter.
 25527 | Gauntlet | Found a transporter.
 25539 | Gauntlet | Found a transporter.
 25548 | Gauntlet | Found a transporter.
 25562 | Gauntlet | Found a large runed translucent door.
 25563 | Gauntlet | Found a large runed translucent door.
 25564 | Gauntlet | Found a large runed translucent door.
 25565 | Gauntlet | Found a large runed translucent door.
 25566 | Gauntlet | Found a large runed translucent door.
 25566 | Gauntlet | Found a large runed translucent door.
 25577 | Gauntlet | Found a runed translucent door.
 25579 | Gauntlet | Found a runed translucent door.
 25581 | Gauntlet | Found a large runed translucent door.
 25582 | Gauntlet | Found a large runed translucent door.
 25588 | Gauntlet | Found a large runed translucent door.
 25589 | Gauntlet | Found a large runed translucent door.
 25590 | Gauntlet | Found a large runed translucent door.
 25590 | Gauntlet | Found a large runed translucent door.
 25595 | Gauntlet | Found a transporter.
 25679 | Gauntlet | Reached ****** piety under Nemelex Xobeh
 25846 | Gauntlet | Found a runed translucent gate.
 25846 | Gauntlet | Found a runed translucent gate.
 25846 | Gauntlet | Found a runed translucent gate.
 25848 | Gauntlet | Found a transporter.
 25902 | Gauntlet | Found a transporter.
 25906 | Gauntlet | Found a transporter.
 25969 | Gauntlet | Reached skill level 9 in Transmutations
 26056 | Gauntlet | Identified the +0 pair of boots of the Elven Halls {rElec}
 26076 | Gauntlet | Found the ring of the Mage {Wiz Archmagi}
 26078 | Gauntlet | Identified the ring "Zoewn" {rC+ EV+4}
 26107 | Gauntlet | Identified the ring "Tetsoz" {rN+ Will+ Str+4 Int+2}
 26123 | Gauntlet | Learned a level 3 spell: Mephitic Cloud
 26128 | Gauntlet | Learned a level 4 spell: Anguish
 26375 | Orc:2    | Reached skill level 1 in Necromancy
 26592 | Orc:1    | Reached skill level 9 in Stealth
 27058 | Orc:1    | Reached skill level 2 in Necromancy
 27591 | Orc:2    | Reached skill level 9 in Fighting
 27594 | Orc:2    | Reached skill level 9 in Invocations
 27602 | Orc:2    | Reached skill level 3 in Necromancy
 27626 | Orc:2    | Found Vergho's Antique Armour Shoppe.
 27628 | Orc:2    | Found Zyesk's Antique Weapon Shoppe.
 27628 | Orc:2    | Found Inkonaeza's Antique Armour Shop.
 27631 | Orc:2    | Found Rokani Dybb's Distillery.
 27635 | Orc:2    | Bought a pair of bloodstained gloves for 351 gold pieces
 27635 | Orc:2    | Identified the +1 pair of gloves of the Wary Visionaries
                  | {rC+ Will- Dex+5} (You bought it in a shop on level 2 of
                  | the Orcish Mines)
 27640 | Orc:2    | Bought a potion of curing for 45 gold pieces
 27640 | Orc:2    | Bought a potion of curing for 45 gold pieces
 27640 | Orc:2    | Bought a potion of haste for 150 gold pieces
 27640 | Orc:2    | Bought a potion of might for 60 gold pieces
 27643 | Orc:2    | Bought a shimmering dagger for 210 gold pieces
 27643 | Orc:2    | Identified the +5 dagger "Gompih" {vorpal, Str+5} (You
                  | bought it in a shop on level 2 of the Orcish Mines)
 27655 | Orc:2    | Bought a bloodstained ring mail for 333 gold pieces
 27655 | Orc:2    | Identified the +5 ring mail "Irpheca" {rF+ MP+9 SInv} (You
                  | bought it in a shop on level 2 of the Orcish Mines)
 27961 | D:13     | Received a gift from Nemelex Xobeh
 27964 | D:13     | Identified the +3 falchion "Vurghiom" {antimagic, rF++}
 28156 | D:13     | Reached skill level 10 in Stealth
 28298 | D:13     | Found the +9 staff of Olgreb {rPois∞}
 28341 | D:13     | Received a gift from Nemelex Xobeh
 28501 | D:13     | Found a gate to the Vaults.
 29075 | D:14     | Reached XP level 16. HP: 84/96 MP: 25/25
 29085 | D:14     | Reached skill level 4 in Necromancy
 29444 | D:15     | Entered Level 15 of the Dungeon
 29445 | D:15     | Received a gift from Nemelex Xobeh
 29489 | D:15     | Found a frozen archway.
 29541 | D:15     | Reached skill level 9 in Dodging
 29548 | D:15     | Noticed Rupert
 29549 | IceCv    | Entered an ice cave
 29793 | IceCv    | Reached skill level 11 in Stealth
 29796 | IceCv    | Got the Almanac of Snow
 29880 | IceCv    | Reached skill level 10 in Fighting
 30215 | IceCv    | Reached skill level 10 in Invocations
 30225 | IceCv    | Reached skill level 5 in Necromancy
 30274 | IceCv    | Noticed an azure jelly
 30286 | IceCv    | Killed an azure jelly
 30360 | IceCv    | Found a viscous altar of Jiyva.
 30360 | IceCv    | Noticed an azure jelly
 30362 | IceCv    | Noticed a rockslime
 30365 | IceCv    | Noticed an azure jelly
 30369 | IceCv    | Killed an azure jelly
 30389 | IceCv    | Killed an azure jelly
 30481 | IceCv    | Killed a rockslime
 30537 | IceCv    | Identified the +0 robe of Zywiq {Dex+3}
 30638 | D:15     | Killed Rupert
 30790 | D:15     | Reached skill level 10 in Dodging
 30969 | D:15     | Reached skill level 12 in Stealth
 31041 | D:15     | Received a gift from Nemelex Xobeh
 31310 | D:15     | Reached skill level 6 in Necromancy
 31391 | D:15     | Reached skill level 1 in Shields
 31455 | D:15     | Found a staircase to the Depths.
 31811 | Orc:2    | Bought a shimmering leather armour for 224 gold pieces
 31811 | Orc:2    | Identified the +1 leather armour of Lugonu's Envy {-Tele
                  | Fly Dex+5} (You bought it in a shop on level 2 of the
                  | Orcish Mines)
 32040 | Shoals:1 | Entered Level 1 of the Shoals
 32114 | Shoals:1 | Upgraded the game from 0.29-a0-234-g0dae59b3db to
                  | 0.29-a0-266-gf56f883ddd
 32298 | Elf:1    | Entered Level 1 of the Elven Halls
 32312 | Elf:1    | Reached skill level 11 in Invocations
 32319 | Elf:1    | Reached XP level 17. HP: 102/102 MP: 26/26
 32475 | Elf:1    | Received a gift from Nemelex Xobeh
 32544 | Elf:1    | Reached skill level 6 in Armour
 32544 | Elf:1    | Reached skill level 1 in Air Magic
 32551 | Elf:1    | Reached skill level 7 in Necromancy
 32691 | Elf:1    | Reached skill level 2 in Air Magic
 33038 | Elf:1    | Found Fuocwyor's Antique Armour Shop.
 33245 | Elf:1    | Reached skill level 3 in Air Magic
 33532 | Elf:2    | HP: 4/102 [deep elf annihilator/iron shot (76)]
 33627 | Elf:2    | Reached skill level 12 in Invocations
 33635 | Elf:2    | Reached skill level 8 in Necromancy
 33646 | Elf:2    | Reached skill level 4 in Air Magic
 33686 | Elf:2    | Found a crumbling gateway.
 33717 | Desolati | Entered the Desolation of Salt
 33717 | Desolati | Received a gift from Nemelex Xobeh
 33718 | Desolati | Upgraded the game from 0.29-a0-266-gf56f883ddd to
                  | 0.29-a0-268-g5627465c62
 33735 | Desolati | Reached skill level 7 in Armour
 33813 | Desolati | Identified the amulet of Zanteiso {Faith Will+}
 33819 | Desolati | Identified the -6 pair of boots "Sodoefia" {Regen+ Dex-2
                  | Stlth+}
 34125 | Desolati | Reached skill level 9 in Necromancy
 34166 | Desolati | Reached skill level 8 in Armour
 34203 | Desolati | Got the Compendium of Hurtful Snow
 34207 | Desolati | Got the Tome of Weightlessness
 34366 | Desolati | Reached XP level 18. HP: 107/107 MP: 27/27
 34423 | Desolati | Received a gift from Nemelex Xobeh
 34441 | Desolati | Reached skill level 9 in Armour
 34517 | Desolati | Received a gift from Nemelex Xobeh
 34534 | Desolati | Reached skill level 4 in Evocations
 34697 | Desolati | Reached skill level 5 in Evocations
 34708 | Desolati | Identified the +1 leather armour "Voalenk" {rF+ Dex+2}
 34736 | Desolati | Reached skill level 11 in Dodging
 34787 | Desolati | Identified the +7 quarterstaff of the Silent Majority
                  | {protect, Dex+7}
 34871 | Desolati | Got Asmodeus's Incunabulum of the Entourage
 34990 | Desolati | Reached skill level 11 in Fighting
 35002 | Desolati | Reached skill level 6 in Evocations
 35106 | Desolati | Identified the ring of Ruti {Will+ Str+2 Dex+2}
 35584 | Desolati | Received a gift from Nemelex Xobeh
 35596 | Desolati | Identified the +3 executioner's axe of Evisceration
                  | {vorpal, Dex+4}
 35601 | Desolati | Reached skill level 7 in Evocations
 35666 | Desolati | Reached skill level 12 in Dodging
 35845 | Elf:2    | Acquired the +0 pair of gloves "Devomp" {rF+}
 36006 | Elf:2    | Identified the +1 scale mail "Ruoh" {rElec}
 36086 | Elf:2    | Reached skill level 8 in Evocations
 36122 | Elf:2    | Reached skill level 12 in Fighting
 36193 | Elf:2    | Received a gift from Nemelex Xobeh
 36346 | Elf:2    | Reached XP level 19. HP: 117/117 MP: 28/28
 36350 | Elf:2    | Found a runed translucent gate.
 36350 | Elf:2    | Found a runed translucent gate.
 36350 | Elf:2    | Found a runed translucent gate.
 36725 | Snake:1  | Entered Level 1 of the Snake Pit
 36790 | Snake:1  | Reached skill level 13 in Fighting
 36897 | Snake:1  | Got the Volume of Orientation and Bewitchment
 36901 | Snake:1  | Learned a level 2 spell: Wereblood
 37101 | Snake:1  | Found a runed translucent door.
 37442 | Snake:2  | Found a broken altar of Ashenzari.
 37470 | Snake:2  | Received a gift from Nemelex Xobeh
 37596 | Snake:2  | Noticed Asterion
 37624 | Snake:2  | Killed Asterion
 37839 | Snake:2  | Found Yphau's Jewellery Shop.
 37839 | Snake:2  | Found Cuiqahav's Jewellery Shop.
 37840 | Snake:2  | Found Ilyty's Book Emporium.
 38158 | Snake:2  | Received a gift from Nemelex Xobeh
 38923 | Snake:3  | Received a gift from Nemelex Xobeh
 38932 | Snake:3  | Noticed Azrael
 38932 | Snake:3  | Noticed Aizul
 38937 | Snake:3  | Killed Azrael
 38945 | Snake:3  | Killed Aizul
 38946 | Snake:3  | Reached skill level 13 in Stealth
 39164 | Snake:3  | Received a gift from Nemelex Xobeh
 39182 | Snake:3  | Found a blossoming altar of Fedhas.
 39412 | Snake:4  | Entered Level 4 of the Snake Pit
 39492 | Snake:4  | Reached skill level 13 in Dodging
 39955 | Snake:4  | Reached skill level 10 in Armour
 40028 | Snake:4  | Reached skill level 14 in Stealth
 40275 | Snake:4  | Received a gift from Nemelex Xobeh
 40724 | Snake:4  | Got a serpentine rune of Zot
 40753 | Snake:4  | Received a gift from Nemelex Xobeh
 41171 | Shoals:1 | Reached skill level 14 in Dodging
 41197 | Shoals:1 | Got the Guide on Spatial Confrontation
 41230 | Shoals:1 | Reached XP level 20. HP: 107/124 MP: 22/29
 41360 | Shoals:1 | Received a gift from Nemelex Xobeh
 41448 | Shoals:1 | Reached skill level 15 in Stealth
 42116 | Shoals:2 | You fall into a shaft and drop 1 floor!
 42217 | Shoals:2 | Reached skill level 11 in Armour
 43045 | Shoals:3 | Noticed Ilsuiw
 43047 | Shoals:3 | Killed Ilsuiw
 43048 | Shoals:3 | Reached skill level 15 in Dodging
 43257 | Shoals:3 | Found Jaent's Distillery.
 43263 | Shoals:3 | Bought a potion of heal wounds for 100 gold pieces
 43263 | Shoals:3 | Bought a potion of cancellation for 160 gold pieces
 43263 | Shoals:3 | Bought a potion of heal wounds for 100 gold pieces
 43263 | Shoals:3 | Bought a potion of heal wounds for 100 gold pieces
 43263 | Shoals:3 | Bought 2 potions of haste for 400 gold pieces
 43263 | Shoals:3 | Bought a potion of haste for 200 gold pieces
 43263 | Shoals:3 | Bought a potion of curing for 60 gold pieces
 43673 | Shoals:3 | Received a gift from Nemelex Xobeh
 44033 | Shoals:4 | Entered Level 4 of the Shoals
 44243 | Shoals:4 | Identified the +1 scythe "Dragon's Tongue" {holy, rN+
                  | Dex+2}
 44354 | Shoals:4 | Reached skill level 16 in Dodging
 44371 | Shoals:4 | Reached skill level 12 in Armour
 44452 | Shoals:4 | Got a barnacled rune of Zot
 44459 | Shoals:4 | Received a gift from Nemelex Xobeh
 44761 | Shoals:4 | Identified the amulet of Liberty {Spirit rPois Int-3 SInv}
 44906 | Shoals:4 | Reached skill level 7 in Spellcasting
 45342 | Orc:2    | Bought a jacinth-encrusted scale mail for 333 gold pieces
 45342 | Orc:2    | Identified the +3 scale mail of Levity {rN+} (You bought it
                  | in a shop on level 2 of the Orcish Mines)
 45466 | Elf:3    | Entered Level 3 of the Elven Halls
 45518 | Elf:3    | Reached XP level 21. HP: 129/129 MP: 31/31
 45909 | Elf:3    | Reached skill level 13 in Invocations
 46229 | Elf:3    | Received a gift from Nemelex Xobeh
 46437 | Elf:3    | Reached skill level 8 in Spellcasting
 46497 | Elf:3    | Found a runed translucent gate.
 46498 | Elf:3    | Found a runed translucent gate.
 46499 | Elf:3    | Found a runed translucent gate.
 46536 | Elf:3    | Noticed Lekart's ghost (adept DrAK)
 46667 | Elf:3    | Reached skill level 14 in Invocations
 46947 | Elf:3    | Reached skill level 15 in Invocations
 47740 | Elf:3    | Identified the +8 short sword "Wuttus" {drain, Int+3}
 48005 | Elf:3    | Received a gift from Nemelex Xobeh
 48062 | Elf:3    | Identified the ring "Loblyisk" {rF+ Dex+5}
 48067 | Elf:3    | Identified the +1 scale mail of the Skies Above {Harm
                  | rCorr}
 48131 | Elf:3    | Got the Reference Book on Cold
 48558 | Depths:1 | Entered Level 1 of the Depths
 48653 | Depths:1 | Found a magical portal.
 48660 | WizLab   | Entered The Roulette of Golubria
 48660 | WizLab   | Found a transporter.
 48676 | WizLab   | Found a transporter.
 48698 | WizLab   | Found a transporter.
 48770 | WizLab   | Found a transporter.
 48814 | WizLab   | Found a transporter.
 48855 | WizLab   | Found a transporter.
 48862 | WizLab   | Found a transporter.
 48883 | WizLab   | Received a gift from Nemelex Xobeh
 48886 | WizLab   | Found a transporter.
 48929 | WizLab   | Found a transporter.
 48939 | WizLab   | Reached skill level 9 in Spellcasting
 49010 | WizLab   | Found a transporter.
 49177 | WizLab   | Found a corrupted altar of Lugonu.
 49181 | WizLab   | Found the +1 cloak of Starlight {*Dazzle EV+4 Stlth--}
 49190 | WizLab   | Identified the +0 cloak of Fuam Lia {Rampage rElec Str-4
                  | Int-4}
 49206 | WizLab   | Found a transporter.
 49206 | WizLab   | Identified the +5 cloak of Zeqeimpyniv {rN+ rCorr Str+2
                  | Dex-4}
 49210 | WizLab   | Identified the ring "Citil" {Fly rF+ Int+5 SInv}
 49215 | WizLab   | Identified the -3 cloak "Diockig" {Dex+6}
 49223 | WizLab   | Got the Catalogue of the Compass
 49229 | WizLab   | Found a transporter.
 49275 | WizLab   | Found a transporter.
 49336 | WizLab   | Found a transporter.
 49338 | WizLab   | Found a transporter.
 49421 | WizLab   | Found a transporter.
 49423 | WizLab   | Found a transporter.
 49485 | WizLab   | Found a transporter.
 49609 | WizLab   | Found a transporter.
 49611 | WizLab   | Found a transporter.
 49680 | WizLab   | Reached XP level 22. HP: 112/136 MP: 30/35
 49945 | Depths:1 | Found Amettyli's Armour Shop.
 50042 | Depths:1 | Received a gift from Nemelex Xobeh
 50066 | Depths:1 | Reached skill level 14 in Fighting
 50151 | Depths:1 | Reached skill level 17 in Dodging
 50403 | Depths:1 | Found a shimmering altar of Xom.
 50446 | Depths:1 | Found a one-way gate to the infinite horrors of the Abyss.
 50498 | Depths:1 | Found a one-way gate leading to the halls of Pandemonium.
 50751 | Depths:1 | Received a gift from Nemelex Xobeh
 50819 | Depths:1 | Identified the +9 hand axe of Wosegaiz {pain, rF+ rC+
                  | Str-5}
 50957 | Depths:1 | Found a sacrificial altar of Ru.
 51219 | Depths:2 | Reached skill level 10 in Spellcasting
 52472 | Depths:2 | Received a gift from Nemelex Xobeh
 52543 | Depths:2 | Reached skill level 15 in Fighting
 52813 | Depths:2 | Reached skill level 18 in Dodging
 52838 | Depths:2 | Reached skill level 11 in Spellcasting
 52896 | Depths:2 | Found a gateway to Hell.
 54254 | Depths:3 | Received a gift from Nemelex Xobeh
 54422 | Depths:3 | Noticed Louise
 54433 | Depths:3 | Paralysed by a vampire knight for 5 turns
 54439 | Depths:3 | Killed Louise
 54440 | Depths:3 | Reached skill level 12 in Spellcasting
 54455 | Depths:3 | Reached XP level 23. HP: 110/144 MP: 12/39
 54649 | Depths:3 | Reached skill level 19 in Dodging
 54765 | Depths:3 | Identified the +4 battleaxe of Descent {holy, rPois rN+
                  | Int+3}
 55044 | Depths:3 | Received a gift from Nemelex Xobeh
 55483 | Depths:3 | Reached skill level 20 in Dodging
 55567 | Depths:3 | Found the +10 Black Knight's barding {ponderous, rPois rN+}
 55575 | Depths:3 | Noticed a juggernaut
 55584 | Depths:3 | a juggernaut changed into an iron giant
 55983 | Depths:3 | Found a basalt altar of Yredelemnul.
 56195 | Depths:4 | Entered Level 4 of the Depths
 56196 | Depths:4 | Received a gift from Nemelex Xobeh
 56348 | Depths:4 | Reached skill level 9 in Evocations
 56424 | Depths:4 | Identified the +10 pearl dragon scales of the Playwright
                  | {rPois rF++ rN+ Str+4 Slay+2}
 56672 | D:13     | Noticed Josephine
 56678 | D:13     | Killed Josephine
 57518 | Depths:4 | Found an ornate altar of the Wu Jian Council.
 57612 | Depths:4 | Noticed a dread lich
 57631 | Depths:4 | Reached skill level 16 in Stealth
 57642 | Depths:4 | Killed a dread lich
 57986 | Depths:4 | Got the Compendium of Sinister Secrets
 58053 | Depths:4 | Identified the +6 scimitar of Magnificence {distort, +Blink
                  | rElec rCorr Int-2}
 58083 | Depths:4 | Found a one-way gateway to a ziggurat.
 58259 | Depths:4 | Reached skill level 10 in Evocations
 59108 | Depths:4 | Reached XP level 24. HP: 152/152 MP: 36/39
 59124 | Depths:4 | Reached skill level 16 in Fighting
 59138 | Depths:4 | Noticed a golden dragon
 59150 | Depths:4 | Killed a golden dragon
 59151 | Depths:4 | Found a gate to the Realm of Zot.
 59710 | Vaults:1 | Entered Level 1 of the Vaults
 59724 | Vaults:1 | Received a gift from Nemelex Xobeh
 60306 | Vaults:1 | Reached skill level 21 in Dodging
 60310 | Vaults:1 | Reached skill level 17 in Stealth
 60346 | Vaults:1 | Received a gift from Nemelex Xobeh
 60675 | Vaults:1 | Reached skill level 11 in Evocations
 61265 | Vaults:2 | Received a gift from Nemelex Xobeh
 61709 | Vaults:2 | Received a gift from Nemelex Xobeh
 62336 | Vaults:2 | Noticed Mara
 62345 | Vaults:2 | Killed Mara
 62346 | Vaults:2 | Reached skill level 18 in Stealth
 62531 | Vaults:2 | Received a gift from Nemelex Xobeh
 62553 | Vaults:2 | Reached skill level 12 in Evocations
 63032 | Vaults:3 | Reached skill level 17 in Fighting
 63305 | Vaults:3 | Reached XP level 25. HP: 126/160 MP: 39/39
 63428 | Vaults:3 | Received a gift from Nemelex Xobeh
 63438 | Vaults:3 | Reached skill level 22 in Dodging
 63482 | Vaults:3 | Found a staircase to the Crypt.
 63664 | Vaults:3 | Received a gift from Nemelex Xobeh
 63710 | Vaults:3 | Reached skill level 19 in Stealth
 64220 | Vaults:3 | Found a portal to a secret trove of treasure.
 64240 | Vaults:3 | Received a gift from Nemelex Xobeh
 64539 | Vaults:3 | Identified the +5 ring mail "Mianosis" {+Inv rF+ rCorr
                  | Dex-5 Stlth+}
 65065 | Vaults:4 | Reached skill level 18 in Fighting
 65408 | Vaults:4 | Received a gift from Nemelex Xobeh
 65707 | Vaults:4 | Reached skill level 20 in Stealth
 65746 | Vaults:4 | Identified the +1 leather armour "Yhaloluf" {rElec rC+
                  | Dex+3}
 65878 | Vaults:5 | Entered Level 5 of the Vaults
 66244 | Vaults:5 | Reached skill level 23 in Dodging
 66440 | Vaults:5 | Reached skill level 19 in Fighting
 66563 | Vaults:5 | Reached skill level 1 in Crossbows
 66563 | Vaults:5 | Reached XP level 26. HP: 172/172 MP: 39/39
 66608 | Vaults:5 | Reached skill level 2 in Crossbows
 66624 | Vaults:5 | Reached skill level 3 in Crossbows
 66635 | Vaults:5 | Reached skill level 4 in Crossbows
 66715 | Vaults:5 | Reached skill level 5 in Crossbows
 66718 | Vaults:5 | Identified the +9 morningstar of Ignis's Righteous Fury
                  | {spect, Fragile Fly rC+ rN+}
 66731 | Vaults:5 | Reached skill level 6 in Crossbows
 66741 | Vaults:5 | Reached skill level 7 in Crossbows
 66768 | Vaults:5 | Reached skill level 8 in Crossbows
 66788 | Vaults:5 | Identified the +1 dagger "Cysa" {venom, +Blink}
 66879 | Vaults:5 | Reached skill level 9 in Crossbows
 66886 | Vaults:5 | Noticed an ancient lich
 66896 | Vaults:5 | Killed an ancient lich
 66914 | Vaults:4 | Reached skill level 10 in Crossbows
 67211 | Vaults:5 | Reached skill level 11 in Crossbows
 67261 | Vaults:5 | Identified the +7 whip of Forchoex {flame, Dex+2}
 67261 | Vaults:5 | Identified the ring of Trepidation {rElec rPois rN+ MP+9
                  | Str-3}
 67315 | Vaults:5 | Reached skill level 12 in Crossbows
 67430 | Vaults:5 | Received a gift from Nemelex Xobeh
 67604 | Vaults:5 | Got the Collected Works on Confrontation
 67641 | Vaults:5 | Noticed a dread lich
 67653 | Vaults:5 | Killed a dread lich
 67664 | Vaults:5 | Reached skill level 13 in Crossbows
 67862 | Vaults:5 | Got a silver rune of Zot
 68586 | Zot:1    | Entered Level 1 of the Realm of Zot
 68656 | Zot:3    | Noticed a Killer Klown
 68657 | Zot:3    | Received a gift from Nemelex Xobeh
 68665 | Zot:3    | Killed a Killer Klown
 68804 | Zot:4    | Reached skill level 14 in Crossbows
 69086 | Zot:3    | Noticed a curse toe
 69113 | Zot:3    | Killed a curse toe
 69640 | Zot:4    | Reached skill level 15 in Crossbows
 69963 | Zot:4    | Reached skill level 16 in Crossbows
 70408 | Zot:4    | Reached XP level 27. HP: 177/177 MP: 39/39
 70415 | Zot:5    | Entered Level 5 of the Realm of Zot
 70807 | Zot:5    | Reached skill level 24 in Dodging
 71684 | Zot:5    | Reached skill level 20 in Fighting
 72071 | Zot:5    | Noticed a Killer Klown
 72236 | Zot:5    | Noticed a Killer Klown
 72708 | Zot:5    | Killed a Killer Klown
 72715 | Zot:5    | Killed a Killer Klown
 73078 | Zot:5    | Noticed an orb of fire
 73086 | Zot:5    | Gained mutation: Your body sometimes deteriorates upon
                  | taking damage. [an orb of fire]
 73090 | Zot:5    | Gained mutation: Your body often deteriorates upon taking
                  | damage. [an orb of fire]
 73096 | Zot:5    | Killed an orb of fire
 73866 | Zot:5    | Noticed a Killer Klown
 73878 | Zot:5    | Killed a Killer Klown
 73933 | Zot:5    | Noticed an orb of fire
 73950 | Zot:5    | Killed an orb of fire
 73997 | Zot:5    | Noticed a Killer Klown
 74000 | Zot:5    | Noticed an orb of fire
 74010 | Zot:5    | Gained mutation: You have hidden genetic defects. [an orb
                  | of fire]
 74021 | Zot:5    | Killed an orb of fire
 74026 | Zot:5    | Killed a Killer Klown
 74121 | Zot:5    | Noticed a Killer Klown
 74138 | Zot:5    | Noticed a Killer Klown
 74162 | Zot:5    | Killed a Killer Klown
 74507 | Zot:5    | Noticed an orb of fire
 74508 | Zot:5    | Gained mutation: Your magical capacity is low. (-10% MP)
                  | [an orb of fire]
 74787 | Zot:5    | Reached skill level 25 in Dodging
 75181 | Zot:5    | Received a gift from Nemelex Xobeh
 75183 | Zot:5    | Noticed a Killer Klown
 75200 | Zot:5    | Killed a Killer Klown
 75245 | Zot:5    | Reached skill level 13 in Armour
 75257 | Zot:5    | Gained mutation: You sometimes lose the ability to read
                  | scrolls when taking damage. [hidden defects]
 75273 | Zot:5    | Gained mutation: You tend to lose your temper in combat.
                  | [an orb of fire]
 75276 | Zot:5    | Killed an orb of fire
 75277 | Zot:5    | Reached skill level 21 in Fighting
 75279 | Zot:5    | Got the Orb of Zot
 75986 | D:$      | Escaped with the Orb!

Illustrated notes

Levels and vault maps discovered:
D:1:      wheals_arrival_linesprint, layout_rooms, serial_forest,
          infiniplex_forest_fountain, infiniplex_forest_clump_medium,
          infiniplex_forest_end_3, infiniplex_forest_straight_3,
          infiniplex_forest_lined_3_way, infiniplex_forest_clump_small,
          infiniplex_forest_clump_tiny, infiniplex_forest_clump_medium,
          hellmonk_ecumenical_altar_crossroads
D:2:      layout_loops_ring, basic_altar, minmay_fountain_box,
          serial_bayou_ford_a
D:3:      layout_loops_ring
D:4:      kb_forest_paths, layout_loops_ring,
          nicolae_hepliaklqana_monster_ancestors
D:5:      layout_rooms, nicolae_ossuary_entry_ruins
D:6:      layout_basic, serial_rivers, chequers_serial_rivers_micro_a,
          chequers_serial_rivers_micro_c, chequers_serial_rivers_small_a,
          chequers_serial_rivers_micro_c, chequers_serial_rivers_marsh,
          ebering_ghost_reflecting_pool
D:7:      layout_loops_cross, chequers_temple_overflow_statue_of_worship,
          minmay_temple_entry_glass, uniq_duvessa
D:8:      layout_basic, nicolae_uskayaw_murder_on_the_dancefloor,
          kennysheep_mini, mainiacjoe_overflow_paths, gammafunk_ghost_spectres
D:9:      layout_small_grid, erik_lair_dragon, special_room [special_room_orc],
          uniq_grum, uniq_harold
D:10:     layout_loops_ring, orc_0_dummy, uniq_psyche, uniq_maggie
D:11:     layout_gridville
D:12:     minmay_separated_statues, layout_grid_maze, st_stairs_8,
          uniq_gastronok, uniq_kirke, uniq_nessos
D:13:     layout_cave_pools, david_vaults_5, uniq_josephine
D:14:     layout_basic, abandoned_shop, minivault_19
D:15:     gammafunk_enter_depths_forms, layout_cave_pools,
          portal_ice_cave_entry_ice_statue_two, uniq_rupert
Temple:   eino_temple_scatter_basement
Lair:1:   layout_roguey, serial_bayou, serial_bayou_pond_e, serial_bayou_pond_a,
          serial_bayou_pond_a, serial_bayou_pond_d, special_room
          [special_room_bee], lemuel_another_geyser, infiniplex_staircase_pool,
          uniq_urug
Lair:2:   layout_gridlike, minmay_snake_entry_guardpost_small, st_stairs_8
Lair:3:   layout_cave_pods, elwin_shoals_entry_stream, hangedman_tree_tricks
Lair:4:   gammafunk_lair_enchanted_lake, layout_small_grid
Lair:5:   layout_regular_city, lemuel_fruit_fields
Lair:6:   hangedman_lair_tendril_chambers, layout_cave_pods, slime_altar_1,
          hellmonk_guarded_unrand_zhor
Shoals:1: cheibrodos_shoals_gigantism, layout_shoals
Shoals:2: cheibrodos_shoals_baths, layout_shoals
Shoals:3: layout_shoals, nicolae_shoals_c_island, uniq_ilsuiw
Shoals:4: shoals_end_hellmonk_lost_city
Snake:1:  layout_onion, ebering_ghost_reflecting_pool, grunt_megastairs_2
Snake:2:  layout_chambers, lemuel_oklob_altar, grunt_megastairs_5,
          minmay_shop_grove, uniq_asterion
Snake:3:  layout_misc_corridors, basic_altar, st_stairs_13, uniq_aizul,
          uniq_azrael
Snake:4:  snake_pit, layout_misc_corridors, st_stairs_8
Orc:1:    layout_caves, serial_shops, shop_fountains
Orc:2:    grunt_orc_tribal_feast, layout_diamond_mine, gauntlet_entry_generic
Elf:1:    elf_arrival_002, layout_rooms, serial_shops, nicolae_lakefront_shop,
          evilmike_minifort
Elf:2:    elven_hall_of_blades_hangedman_original [nicolae_blade_lattice],
          layout_onion_city, portal_desolation_entry_twin_temple
Elf:3:    minmay_elf_hall_hex, layout_onion_city, gammafunk_ghost_split,
          billiards_dpeg
Vaults:1: v_misc_14, v_misc_8, v_misc_24, grunt_vaults_hallway_short,
          vaults_mumra_chevron, hangedman_vaults_capsules,
          nicolae_vaults_big_angled_halls, ontoclasm_vaults_decontamination,
          vaults_room_grunt_arrival_ludios, v_misc_18, layout_vaults_omnicross
Vaults:2: v_misc_24, v_misc_22, nicolae_vaults_alarming,
          nicolae_vaults_network_s, v_misc_33, v_misc_16,
          nicolae_vaults_yaktaur_gun_rack, hangedman_vaults_nails,
          v_alt_pattern_4, vaults_room_guarded_vault, nicolae_vaults_gold_heap,
          layout_vaults_chaotic_city, uniq_mara
Vaults:3: minmay_crypt_entry_nasty_monster, nicolae_vaults_hallways_thing,
          ontoclasm_vaults_hangar, nicolae_vaults_circle_grid_a,
          vaults_room_grid, vaults_room_stairs_pillars, vaults_dpeg_cross,
          v_misc_26, v_misc_2, v_misc_2, layout_vaults_omnigrid, enter_trove_6
Vaults:4: v_misc_11, v_misc_4, v_misc_30, vaults_dpeg_encased_lava, v_misc_29,
          vaults_room_semicircle, vaults_room_octagon,
          nicolae_vaults_inception_scallops, nicolae_vaults_little_squares_6,
          v_misc_18, nicolae_vaults_little_squares_1, nicolae_vaults_murderbox,
          vaults_room_stairs_pillars, vaults_room_pools, v_pattern_4,
          ontoclasm_vaults_ring_square, nicolae_vaults_asterisk,
          layout_vaults_maze
Vaults:5: serial_shops
Depths:1: layout_gridlike, serial_shops, shop_coins, grunt_hell_horde,
          abyss_entry, nicolae_ru_path_of_blood, rand_demon_pan_entry_9,
          mu_enter_wizlab_5, kennysheep_big_empty_room, grunt_decor_junction,
          chequers_serial_rivers_micro_b, kennysheep_diamond, xom_teletrap_fun
Depths:2: nzn_winding_woodlands_small [nzn_winding_woodlands_5x15_concentric,
          nzn_winding_woodlands_center_lodge,
          nzn_winding_woodlands_5x15_river_crossing], layout_basic,
          grunt_pan_entry_zigzag, grunt_hell_entry_dis_mu, grunt_ministairs_1,
          minmay_staircase_windowed_small, firewood_loft, uniq_josephina
Depths:3: minmay_the_grid_triangle_9x9_rhombus_full
          [minmay_the_grid_triangle_9x9_flanged_cone,
          minmay_the_grid_triangle_9x9_wacky_v,
          minmay_the_grid_triangle_9x9_pentomino_pain,
          minmay_the_grid_triangle_9x9_odd_lines,
          minmay_the_grid_triangle_9x9_windchime,
          minmay_the_grid_triangle_9x9_thin_v,
          minmay_the_grid_triangle_9x9_limited_checkers,
          minmay_the_grid_triangle_9x9_prize_center], layout_basic,
          pf_vacation_house_of_asmodeus, nicolae_abyss_entry_one_way_or_another,
          yredelemnul_forgotten_temple_becter, infiniplex_staircase_pillars_3b
Depths:4: grunt_zot_entry_alcove, layout_gridlike, enter_ziggurat_f,
          hellmouth_3, special_room [special_room_morgue], interstate_on_off,
          nzn_wu_jian_contemplation
Zot:1:    grunt_twist_and_shout, layout_concentric_octagons
Zot:2:    layout_basic
Zot:3:    hangedman_zot_vaults_quadrants, layout_cathedral_of_symmetry,
          grunt_ministairs_9
Zot:4:    layout_basic, nicolae_transmutations_shop
Zot:5:    layout_twisted_circle, grunt_ministairs_12

Skill      XL: |  1  2  3  4  5  6  7  8  9 10 11 12 13 14 15 16 17 18 19 20 21 22 23 24 25 26 27 |
---------------+----------------------------------------------------------------------------------+-----
Stealth        | 3 4 8 10 12 14 15 16 18 20 | 20.0
Short Blades   | 1 2 3 4 5 6 8 12 13 14 | 14.0
Fighting       | 2 4 6 8 9 10 12 13 15 17 19 21 | 21.1
Dodging        | 3 4 5 6 8 10 12 14 16 18 20 21 23 25 | 25.3
Summonings     | 4 6 8 9 10 | 10.0
Evocations     | 1 3 8 10 12 | 12.0
Invocations    | 4 8 9 11 12 15 | 15.0
Transmutations | 4 6 7 9 |  9.0
Translocations | 4 7 10 | 10.0
Spellcasting   | 4 5 6 7 9 12 | 12.0
Armour         | 4 5 8 9 10 12 13 | 13.2
Conjurations   | 7 |  7.0
Necromancy     | 3 6 9 |  9.0
Shields        | 1 |  1.7
Air Magic      | 4 |  4.0
Crossbows      | 1 16 | 16.0

Action                   |  1- 3 |  4- 6 |  7- 9 | 10-12 | 13-15 | 16-18 | 19-21 | 22-24 | 25-27 || total
-------------------------+-------+-------+-------+-------+-------+-------+-------+-------+-------++-------
Melee: Dagger            |   145 |       |       |       |       |       |       |       |       ||   145
       Punch             |     1 |     1 |     4 |     8 |     8 |       |       |       |       ||    22
       Short sword       |    25 |   121 |   278 |   273 |       |       |       |       |       ||   697
       Rapier            |       |       |       |   298 |   688 |   111 |       |       |       ||  1097
       Pair of quick bla |       |       |       |       |   314 |  1200 |  1250 |  1841 |  1701 ||  6306
       Unarmed           |       |       |       |       |       |       |       |       |     1 ||     1
 Fire: Arbalest          |       |       |       |       |       |       |       |       |    95 ||    95
Throw: Dart              |       |     2 |     7 |     8 |     2 |       |       |     6 |     3 ||    28
 Cast: Magic Dart        |    33 |     1 |     9 |       |       |       |       |       |       ||    43
       Blink             |     2 |     4 |     4 |     5 |     2 |     1 |       |       |       ||    18
       Slow              |     4 |     4 |     6 |     4 |       |       |       |       |       ||    18
       Summon Small Mamm |     2 |     1 |    23 |     2 |     2 |       |       |       |       ||    30
       Call Imp          |       |       |    21 |    15 |     2 |       |       |       |       ||    38
       Call Canine Famil |       |       |     3 |    44 |    56 |    15 |       |       |       ||   118
       Passwall          |       |       |       |     4 |     6 |     5 |     2 |     4 |     2 ||    23
       Summon Forest     |       |       |       |       |    39 |    15 |    42 |    13 |     4 ||   113
       Anguish           |       |       |       |       |     9 |     2 |       |       |       ||    11
       Irradiate         |       |       |       |       |     2 |       |     9 |    13 |     3 ||    27
       Mephitic Cloud    |       |       |       |       |       |     6 |     1 |     3 |       ||    10
       Wereblood         |       |       |       |       |       |       |    42 |    51 |    37 ||   130
Invok: Draw Destruction  |       |       |       |     6 |     1 |       |     6 |     5 |     2 ||    20
       Draw Summoning    |       |       |       |       |     2 |     5 |     6 |       |     3 ||    16
       Stack Five        |       |       |       |       |     1 |       |       |     1 |       ||     2
       Triple Draw       |       |       |       |       |       |     2 |       |       |       ||     2
       Deal Four         |       |       |       |       |       |     1 |     2 |     1 |       ||     4
       Draw Escape       |       |       |       |       |       |       |     8 |       |       ||     8
Evoke: Wand              |       |       |     4 |    11 |     5 |     1 |     7 |     5 |     4 ||    37
       Tin of tremorston |       |       |       |       |     3 |       |       |     5 |     2 ||    10
       Lightning rod     |       |       |       |       |     3 |     2 |     4 |     2 |       ||    11
       Condenser vane    |       |       |       |       |       |       |       |     2 |     3 ||     5
       Box of beasts     |       |       |       |       |       |       |       |       |     1 ||     1
  Use: Potion            |     2 |       |       |       |     1 |     4 |     5 |       |     8 ||    20
       Scroll            |       |     6 |     7 |    12 |    14 |     9 |     9 |     2 |     7 ||    66
 Stab: Sleeping          |    10 |    12 |    19 |    36 |    37 |    64 |    76 |    36 |    35 ||   325
       Distracted        |     1 |     2 |     3 |     5 |    20 |    14 |     9 |     4 |    11 ||    69
       Invisible         |       |       |     1 |     2 |       |       |    10 |    65 |    52 ||   130
       Paralysed         |       |       |       |     2 |     2 |       |       |     1 |     1 ||     6
       Confused          |       |       |       |       |       |       |     2 |       |     2 ||     4
Armor: Robe              |    16 |    10 |     5 |       |       |       |       |       |       ||    31
       Steam dragon scal |       |       |     2 |    23 |       |       |       |       |       ||    25
       Skin              |       |       |       |     3 |       |       |       |       |       ||     3
       Swamp dragon scal |       |       |       |    46 |    24 |       |   225 |   140 |       ||   435
       Animal skin       |       |       |       |       |    77 |       |       |       |       ||    77
       Ring mail         |       |       |       |       |    43 |   247 |       |       |       ||   290
       Pearl dragon scal |       |       |       |       |       |       |       |   111 |   236 ||   347
Dodge: Dodged            |    64 |    86 |   187 |   337 |   546 |   532 |   696 |  1092 |  1030 ||  4570
Block: Buckler           |       |       |       |       |       |    19 |       |       |       ||    19

Table legend: (Time is in decaauts)
 A = Elapsed time spent in this place.
 B = Non-inter-level travel time spent in this place.
 C = Inter-level travel time spent in this place.
 D = Time resting spent in this place.
 E = Time spent auto-exploring this place.
 F = Levels seen in this place.
 G = Mean time per level.
                   A        B        C        D        E       F      G
               +--------+--------+--------+--------+--------+-----+--------+
         Total |  71427 |  65063 |   6364 |   9824 |  40986 |  54 | 1322.7 |
       Dungeon |  18830 |  16117 |   2713 |   1316 |  11809 |  15 | 1255.3 |
        Temple |    281 |    233 |     48 |      0 |    215 |   1 |  281.0 |
          Lair |   8959 |   8123 |    836 |    149 |   6159 |   6 | 1493.2 |
        Shoals |   4268 |   4087 |    181 |    372 |   2838 |   4 | 1067.0 |
     Snake Pit |   3955 |   3811 |    144 |    175 |   2992 |   4 |  988.8 |
  Orcish Mines |   2340 |   1614 |    726 |    125 |   1006 |   2 | 1170.0 |
   Elven Halls |   4852 |   4558 |    294 |   1207 |   2079 |   3 | 1617.3 |
        Vaults |   7628 |   7188 |    440 |    135 |   5524 |   5 | 1525.6 |
        Depths |   8681 |   7989 |    692 |    834 |   5768 |   4 | 2170.2 |
           Zot |   6357 |   6071 |    286 |   4275 |    842 |   5 | 1271.4 |
       Ossuary |    775 |    775 |      0 |    433 |     93 |   1 |  775.0 |
      Ice Cave |    990 |    990 |      0 |    466 |     70 |   1 |  990.0 |
        Wizlab |   1035 |   1035 |      0 |      0 |    648 |   1 | 1035.0 |
    Desolation |   1655 |   1655 |      0 |    336 |    457 |   1 | 1655.0 |
      Gauntlet |    815 |    815 |      0 |      0 |    485 |   1 |  815.0 |
               +--------+--------+--------+--------+--------+-----+--------+

Top non-repeatable levels by time:
   Zot:5: 4193 daAuts
Depths:3: 2928 daAuts
   Elf:3: 2508 daAuts
Depths:4: 2268 daAuts
  Lair:6: 2096 daAuts
     D:9: 1895 daAuts
Vaults:5: 1865 daAuts
Depths:1: 1813 daAuts
   Orc:2: 1777 daAuts
    D:12: 1699 daAuts
Depths:2: 1670 daAuts
  Lair:4: 1668 daAuts
Desolation: 1655 daAuts
Vaults:2: 1652 daAuts
     D:5: 1582 daAuts
